 Dungeon Crawl Stone Soup version 0.17.0-28-g6e173f8 (webtiles) character file.

686 Ivanskos the Shield-Bearer (level 7, -1/66 HPs)
             Began as a Deep Dwarf Fighter on Nov 28, 2015.
             Was a Believer of Makhleb.
             Slain by a steam dragon (8 damage)
             ... on level 5 of the Dungeon.
             The game lasted 00:11:44 (2850 turns).

Ivanskos the Shield-Bearer (Deep Dwarf Fighter)     Turns: 2850, Time: 00:11:44

Health: -1/66      AC:  8    Str: 22    XL:     7   Next: 35%
Magic:  6/6        EV:  9    Int:  8    God:    Makhleb [**....]
Gold:   227        SH: 10    Dex: 12    Spells: 0 memorised, 6 levels left

rFire  . . .     SeeInvis .     a - +1 flail
rCold  . . .     Clarity  .     b - +0 scale mail
rNeg   . . .     SustAt   .     c - +0 shield
rPois  +         Gourm    .     (no helmet)
rElec  .         Spirit   .     (no cloak)
rCorr  .         Warding  .     h - +0 pair of gloves
rMut   .         Stasis   .     (no boots)
MR     ++...                    (no amulet)
Stlth  ..........               j - ring of poison resistance
                                w - ring of protection from magic

@: non-regenerating, very resistant to hostile enchantments, extremely
unstealthy
A: damage resistance, recharge devices, sense surroundings 1, slow regeneration
3
a: Device Recharging, Minor Destruction, Renounce Religion


You were on level 5 of the Dungeon.
You worshipped Makhleb.
Makhleb was pleased with you.
You were hungry.

You visited 1 branch of the dungeon, and saw 5 of its levels.

You collected 227 gold pieces.

Inventory:

Hand Weapons
 a - a +1 flail (weapon)
Armour
 b - a +0 scale mail (worn)
 c - a +0 shield (worn)
 h - a +0 pair of gloves (worn)
Jewellery
 j - a ring of poison resistance (right hand)
 q - an uncursed ring of magical power
 t - an uncursed ring of flight
 w - a ring of protection from magic (left hand)
Wands
 e - a wand of heal wounds (3)
 y - a wand of polymorph (12)
Scrolls
 k - 3 scrolls of blinking
 r - a scroll of enchant armour {unknown}
 s - 2 scrolls of teleportation
 v - a scroll of enchant weapon
 z - a scroll of fog {unknown}
 A - a scroll of remove curse
Potions
 d - 2 potions of might
 g - a potion of magic
 i - a potion of haste
 m - a potion of agility
 n - a potion of resistance {unknown}
 o - a potion of heal wounds
 p - a potion of lignification
 u - a potion of curing {unknown}
 x - 3 potions of brilliance {unknown}
Comestibles
 f - 3 bread rations
 l - 2 meat rations


   Skills:
 + Level 4.3 Fighting
 + Level 3.7 Maces & Flails
 + Level 5.3 Armour
 - Level 2.5 Dodging
 - Level 0.3 Stealth
 + Level 5.6 Shields
 - Level 0.6 Evocations


You had 6 spell levels left.
You didn't know any spells.

Dungeon Overview and Level Annotations

Branches:
Dungeon (5/15)             Temple (0/1) D:4

Altars:
Ashenzari
Makhleb
Sif Muna
Vehumet
Xom
Yredelemnul
Zin

Portals:
Ossuary: D:5


Innate Abilities, Weirdness & Mutations

You are resistant to damage.
You can recharge devices by infusing magical energy.
You passively map a small area around you.
You do not regenerate naturally.


Message History

* * * LOW HITPOINT WARNING * * *
You closely miss the steam dragon.
The steam dragon is heavily wounded.
You are engulfed in a cloud of scalding steam.
You block the steam dragon's attack. x3
The steam dragon claws you but does no damage.
Your shield prevents you from hitting the steam dragon.
The steam dragon is heavily wounded.
The steam dragon bites you but does no damage.
You block the steam dragon's attack.
You hit the steam dragon.
The steam dragon is severely wounded.
You hear the slow hiss of an avalanche of sand.
The steam dragon breathes steam at you. You block the ball of steam.
You hit the steam dragon.
The steam dragon is severely wounded.
You are engulfed in a cloud of scalding steam.
The steam dragon bites you!
You die...

* ###....#
##........
#......... *
#)........ *
#.#......# * *
#Z...∩...# * , ,
#o#......# *
#D#......# *
#@####...#
#####.# **###
#.#########.....#
.......<......#.#
..#########...#.#
#####.# * * #.# ,
, , , ,*#.#** * ,
* * #.. *


You could see a steam dragon, an orc and an adder skeleton.

Vanquished Creatures
  Grinder (D:3)
  Menkaure (D:4)
  A scorpion (D:4)
  An orc priest (D:3)
  2 hounds (D:4)
  An orc wizard (D:4)
  A worker ant (D:4)
  A worker ant zombie (D:5)
  8 adders
  An adder skeleton (D:4)
  An ooze (D:1)
  A worm (D:2)
  A giant gecko (D:2)
  11 orcs
  8 bats
  7 giant cockroaches
  6 goblins
  6 hobgoblins
  2 quokkas (D:2)
  2 giant newts (D:2)
  5 kobolds
  8 rats
76 creatures vanquished.

Vanquished Creatures (others)
  2 orc wizards (D:5)
2 creatures vanquished.

Grand Total: 78 creatures vanquished

Notes
Turn   | Place    | Note
--------------------------------------------------------------
     0 | D:1      | Ivanskos the Deep Dwarf Fighter began the quest for the Orb.
     0 | D:1      | Reached XP level 1. HP: 20/20 MP: 1/1
   111 | D:1      | Reached XP level 2. HP: 25/28 MP: 2/2
   728 | D:2      | Reached XP level 3. HP: 27/34 MP: 3/3
   891 | D:2      | Found a burning altar of Makhleb.
   891 | D:2      | Found a radiant altar of Vehumet.
   900 | D:2      | Became a worshipper of Makhleb the Destroyer
  1162 | D:2      | You fall through a shaft!
  1166 | D:3      | Reached skill level 4 in Shields
  1193 | D:3      | Found a shattered altar of Ashenzari.
  1195 | D:3      | Found a basalt altar of Yredelemnul.
  1524 | D:3      | Reached * piety under Makhleb
  1524 | D:3      | Reached XP level 4. HP: 22/42 MP: 4/4
  1596 | D:3      | Noticed Grinder
  1603 | D:3      | Paralysed by Grinder for 5 turns
  1619 | D:3      | Paralysed by Grinder for 4 turns
  1625 | D:3      | Killed Grinder
  1625 | D:3      | Reached skill level 1 in Dodging
  1625 | D:3      | Reached XP level 5. HP: 3/50 MP: 5/5
  1625 | D:3      | Reached XP level 6. HP: 3/57 MP: 6/6
  2263 | D:4      | Noticed Menkaure
  2270 | D:4      | Killed Menkaure
  2270 | D:4      | Reached skill level 5 in Armour
  2270 | D:4      | Reached skill level 5 in Shields
  2275 | D:4      | Found a deep blue altar of Sif Muna.
  2339 | D:4      | Reached XP level 7. HP: 14/64 MP: 7/7
  2348 | D:4      | Noticed an angel
  2348 | D:4      | Found a shimmering altar of Xom.
  2348 | D:4      | Found a glowing silver altar of Zin.
  2367 | D:4      | Reached ** piety under Makhleb
  2453 | D:4      | Found a staircase to the Ecumenical Temple.
  2805 | D:5      | Entered Level 5 of the Dungeon
  2819 | D:5      | Found a sand-covered staircase.
  2850 | D:5      | Slain by a steam dragon

Action                   |  1- 3 |  4- 6 |  7- 9 || total
-------------------------+-------+-------+-------++-------
Melee: Flail             |   121 |   105 |    69 ||   295
 Abil: Device Recharging |       |       |     1 ||     1
Evoke: Wand              |       |     4 |     3 ||     7
  Use: Scroll            |     8 |     1 |     2 ||    11
  Eat: Bread ration      |     1 |       |       ||     1
       Beef jerky        |       |       |     1 ||     1
